 Dungeon Crawl Stone Soup version 0.20-a0-299-gec7c366 (webtiles) character file.

729 Da5id the Slasher (level 7, 0/50 HPs)
             Began as a Demonspawn Gladiator on Dec 15, 2016.
             Was an Initiate of Okawaru.
             Slain by Dowan
             ... wielding a +7 dagger of draining
              (4 damage)
             ... on level 5 of the Dungeon.
             The game lasted 00:08:02 (7795 turns).

Da5id the Slasher (Demonspawn Gladiator)            Turns: 7795, Time: 00:08:03

Health: 0/50       AC:  5    Str: 15    XL:     7   Next: 44%
Magic:  7/7        EV: 11    Int:  9    God:    Okawaru [......]
Gold:   276        SH:  3    Dex: 16    Spells: 3/6 levels left

rFire  + . .     SeeInvis .     a - +0 long sword
rCold  + . .     Gourm    .     b - +0 leather armour
rNeg   . . .     Faith    .     (no shield)
rPois  .         Spirit   .     (helmet restricted)
rElec  .         Reflect  +     (no cloak)
rCorr  .         Harm     .     (no gloves)
MR     .....                    (no boots)
Stlth  +++.......               c - +3 amulet of reflection
                                x - ring of protection from fire
                                t - ring of protection from cold

@: very slightly contaminated, hasted, heavily drained, very quick
A: antennae 1, yellow scales 1, demonic guardian 1, nightstalker 2
a: Renounce Religion


You were on level 5 of the Dungeon.
You worshipped Okawaru.
Okawaru was noncommittal.
You were not hungry.

You visited 2 branches of the dungeon, and saw 6 of its levels.

You collected 276 gold pieces.

Inventory:

Hand Weapons
 a - a +0 long sword (weapon)
 y - a +0 rapier
Missiles
 d - 3 throwing nets (quivered)
Armour
 b - a +0 leather armour (worn)
 A - the +1 ring mail "Tamye" {rC+ Dex+3, unknown}
   (You found it on level 5 of the Dungeon)

   It affects your dexterity (+3).
   It protects you from cold.
Jewellery
 c - a +3 amulet of reflection (around neck)
 t - a ring of protection from cold (left hand)
 x - a ring of protection from fire (right hand)
Wands
 u - a wand of random effects (33/48)
 v - a wand of confusion (20/48)
Scrolls
 e - 4 scrolls of identify {unknown}
 g - 3 scrolls of remove curse {unknown}
 h - a scroll of fear {unknown}
 i - a scroll of fog {unknown}
 k - a scroll of teleportation {unknown}
 l - a scroll of amnesia {unknown}
 n - a scroll of enchant armour {unknown}
Potions
 o - 2 potions of mutation {unknown}
 p - a potion of cancellation {unknown}
 s - a potion of agility {unknown}
 w - a potion of heal wounds {unknown}
Books
 q - a book of Minor Magic

   Spells                             Type                      Level
   a - Magic Dart                     Conjuration                  1
   b - Blink                          Translocation                2
   c - Call Imp                       Summoning                    2
   d - Repel Missiles                 Charms/Air                   2
   e - Slow                           Hexes                        2
   f - Conjure Flame                  Conjuration/Fire             3
   g - Mephitic Cloud                 Conjuration/Poison/Air       3
 z - a book of Maledictions

   Spells                             Type                      Level
   a - Corona                         Hexes                        1
   b - Ensorcelled Hibernation        Hexes/Ice                    2
   c - Confuse                        Hexes                        3
   d - Tukima's Dance                 Hexes                        3
   e - Dazzling Spray                 Conjuration/Hexes            3
Comestibles
 f - 3 bread rations
 j - a beef jerky
 r - a meat ration


   Skills:
 + Level 2.2(0.0) Fighting
 + Level 7.9(4.9) Long Blades
 - Level 1.7(0.0) Throwing
 + Level 2.8(0.2) Dodging
 + Level 0.4(0.0) Stealth
 + Level 0.4(0.0) Hexes


You had 3 spell levels left.
You knew the following spells:

 Your Spells              Type           Power        Failure   Level  Hunger
a - Tukima's Dance        Hex            #.......     97%         3    ####...


Dungeon Overview and Level Annotations

Branches:
Dungeon (5/15)             Temple (1/1) D:5

Altars:
Dithmenos
Elyvilon
Fedhas
Gozag
Kikubaaqudgha
Nemelex Xobeh
Okawaru
Qazlal
Sif Muna
Trog
Xom
Yredelemnul
The Shining One

Annotations:
D:5 Dowan


Innate Abilities, Weirdness & Mutations

You have a pair of small antennae on your head.
You are partially covered in yellow scales. (AC +2)
A weak demonic guardian rushes to your aid.
You are significantly more attuned to the shadows.


Message History

Okawaru accepts your kill.
Dowan's eyes darken. "You have made a black mistake."
Dowan seems to find hidden reserves of power!
You miss Dowan.
Dowan is heavily wounded.
Your iron imp hits Dowan.
You hit Dowan.
Dowan is almost dead.
Dowan hits you with a dagger of draining.
* * * LOW HITPOINT WARNING * * *
You feel drained.
Dowan hits you with a dagger of draining.
* * * LOW HITPOINT WARNING * * *
You feel drained.
* * * LOW HITPOINT WARNING * * *
You hit Dowan but do no damage.
Dowan is almost dead.
Your iron imp barely misses Dowan.
Dowan hits you with a dagger of draining.
You die...

.#.#.........##
.#.##.##......######
.#.#####.#.........#
.........##.######.#
.##.#######.# #.#
.##.# #.# #.# .##.#
#.# .##.# ####.#####
###.# #.e@.....#
..#.# ....5##.##..#
....### .....
#...... ......+
..... .......
...####
.....####.... ..##
..... .... ..# .##.
<.# #.#


You could see Dowan and a friendly iron imp.

Vanquished Creatures
  A phantom (D:4)
  A howler monkey (D:5)
  A crimson imp (D:5)
  A centaur zombie (D:4)
  A jelly (D:4)
  An orc priest (D:4)
  An orc wizard (D:4)
  A centaur skeleton (D:4)
  3 worker ants (D:4)
  4 gnolls (D:4)
  7 adders
  3 worms
  4 dart slugs
  2 leopard geckos
  5 orcs (D:4)
  18 giant cockroaches
  9 goblins
  7 hobgoblins
  11 jackals
  A quokka (D:4)
  A ball python (D:1)
  8 bats
  12 frilled lizards
  7 kobolds
  9 rats
119 creatures vanquished.

Vanquished Creatures (collateral kills)
  Duvessa (D:5)
  2 orc priests (D:4)
  Jessica (D:3)
  An orc (D:4)
5 creatures vanquished.

Grand Total: 124 creatures vanquished

Notes
Turn   | Place    | Note
-------+----------+-------------------------------------------
     0 | D:1      | Da5id the Demonspawn Gladiator began the quest for the Orb.
     0 | D:1      | Reached XP level 1. HP: 16/16 MP: 1/1
   117 | D:1      | Reached skill level 3 in Long Blades
   183 | D:1      | Gained mutation: You are slightly more attuned to the shadows. [demonic ancestry]
   183 | D:1      | Reached XP level 2. HP: 19/22 MP: 2/2
   839 | D:1      | Gained mutation: You are significantly more attuned to the shadows. [demonic ancestry]
   839 | D:1      | Reached XP level 3. HP: 17/27 MP: 3/3
  1485 | D:2      | Reached skill level 4 in Long Blades
  1527 | D:2      | Found a blossoming altar of Fedhas.
  1930 | D:2      | Gained mutation: You have a pair of small antennae on your head. [demonic ancestry]
  1930 | D:2      | Reached XP level 4. HP: 29/33 MP: 4/4
  2205 | D:2      | Found a shimmering altar of Xom.
  2564 | D:2      | Reached skill level 5 in Long Blades
  2814 | D:3      | Gained mutation: A weak demonic guardian rushes to your aid. [demonic ancestry]
  2814 | D:3      | Reached XP level 5. HP: 15/38 MP: 5/5
  3171 | D:3      | Noticed Jessica
  3176 | D:3      | Killed Jessica
  4324 | D:4      | Reached skill level 6 in Long Blades
  4797 | D:4      | Reached XP level 6. HP: 24/44 MP: 6/6
  5090 | D:4      | Learned a level 3 spell: Tukima's Dance
  5805 | D:4      | Reached skill level 7 in Long Blades
  7031 | D:4      | Gained mutation: You are partially covered in yellow scales. (AC +2) [demonic ancestry]
  7031 | D:4      | Reached XP level 7. HP: 36/50 MP: 7/7
  7294 | D:5      | Entered Level 5 of the Dungeon
  7364 | D:5      | Found a staircase to the Ecumenical Temple.
  7408 | Temple   | Entered the Ecumenical Temple
  7730 | Temple   | Became a worshipper of Warmaster Okawaru
  7759 | D:5      | Got a slimy ring mail
  7771 | D:5      | Noticed Dowan
  7779 | D:5      | Noticed Duvessa
  7792 | D:5      | Killed Duvessa
  7795 | D:5      | Slain by Dowan

Vault maps used:
D:1:      saegor_arrival_simple_d
D:2:      minmay_roachtagon, fedhas_altar_1, overflow_temple_1_default,
          first_bread, minmay_lizard_king
D:3:      uniq_jessica
D:5:      kennysheep_mini_moat, nicolae_dithmenos_shadow_blocks, uniq_duvessa,
          uniq_prince_ribbit1
Temple:   chequers_temple_sunken

Skill      XL: |  1  2  3  4  5  6 |
---------------+-------------------+-----
Long Blades    | 3 4 5 6 7 |  7.9
Fighting       | |  2.2
Throwing       | |  1.7
Dodging        | |  2.8
Stealth        | |  0.4
Hexes          | |  0.4

Action                   |  1- 3 |  4- 6 |  7- 9 || total
-------------------------+-------+-------+-------++-------
Melee: Long sword        |   143 |   248 |    44 ||   435
  Use: Potion            |       |     1 |     1 ||     2
 Stab: Sleeping          |     8 |    14 |     1 ||    23
       Distracted        |       |     3 |       ||     3
  Eat: Chunk             |     4 |     8 |     2 ||    14
       Meat ration       |       |     1 |       ||     1
       Pizza             |       |     1 |       ||     1
       Beef jerky        |       |       |     1 ||     1
Armor: Leather armour    |    65 |    50 |     9 ||   124
Dodge: Dodged            |   141 |   147 |    13 ||   301
Block: Other             |       |    13 |     6 ||    19
       Rpst.: Long sword |    45 |    52 |     5 ||   102
